 Dungeon Crawl Stone Soup version 0.18-a0-816-g97f838e (webtiles) character file.

5669 ololoev the Carver (level 10, -2/69 HPs)
             Began as a High Elf Skald on Dec 15, 2015.
             Was a Believer of Elyvilon.
             Slain by an orc warrior
             ... wielding a +4 battleaxe of chopping
              (25 damage)
             ... on level 9 of the Dungeon.
             The game lasted 00:36:16 (13058 turns).

ololoev the Carver (High Elf Skald)                Turns: 13058, Time: 00:36:16

Health: -2/69      AC: 10    Str: 15      XL:     10   Next: 47%
Magic:  14/15      EV:  9    Int: 19      God:    Elyvilon [**....]
Gold:   435        SH:  0    Dex: 13 (14) Spells: 4 memorised, 4 levels left

rFire  . . .     SeeInvis .     a - +2 scimitar
rCold  . . .     Clarity  .     i - +0 scale mail
rNeg   . . .     SustAt   .     (no shield)
rPois  .         Gourm    .     (no helmet)
rElec  .         Spirit   .     (no cloak)
rCorr  .         Dismiss  .     z - +0 pair of gloves
rMut   .         Stasis   .     (no boots)
MR     +....                    (no amulet)
Stlth  ..........               p - +2 ring of protection
                                l - +1 ring of protection

@: infused, singing, somewhat resistant to hostile enchantments, extremely
unstealthy
A: strong 1
a: Lesser Healing, Heal Other, Divine Protection, Renounce Religion, Stop
Singing


Innate Abilities, Weirdness & Mutations

Your muscles are strong. (Str +2)

Inventory:

Hand Weapons
 a - a +2 scimitar (weapon)
Missiles
 t - 3 curare-tipped needles
Armour
 i - a +0 scale mail (worn)
 z - a +0 pair of gloves (worn)
Rods
 b - a -1 rod of clouds (13/13)
   (You found it on level 4 of the Dungeon)
Jewellery
 l - a +1 ring of protection (left hand)
 p - a +2 ring of protection (right hand)
 x - an uncursed ring of ice
Wands
 g - a wand of disintegration (0)
 r - a wand of digging (11)
 u - a wand of digging (12)
 C - a wand of flame (23)
Scrolls
 c - a scroll of magic mapping
 e - 2 scrolls of recharging
 f - 3 scrolls of remove curse
 j - 2 scrolls of enchant armour
 s - 3 scrolls of identify
 v - 4 scrolls of teleportation
 y - a scroll of amnesia
 A - 2 scrolls of enchant weapon
Potions
 h - 2 potions of heal wounds
 m - a potion of brilliance
 o - 4 potions of curing
 q - a potion of haste
Comestibles
 d - 9 bread rations
 k - 2 slices of pizza
 n - 20 fruits
 w - 3 meat rations


   Skills:
 + Level 6.7 Fighting
 * Level 10.7 Long Blades
 - Level 0.8 Armour
 - Level 1.1 Dodging
 - Level 2.4 Spellcasting
 + Level 1.0 Hexes
 + Level 8.5 Charms
 + Level 4.8 Necromancy
 + Level 5.3 Invocations
 + Level 4.8 Evocations


You had 4 spell levels left.
You knew the following spells:

 Your Spells              Type           Power        Failure   Level  Hunger
a - Infusion              Chrm           ####..       1%          1    #......
b - Song of Slaying       Chrm           ####....     3%          2    ##.....
c - Regeneration          Chrm/Necr      ####......   14%         3    ###....
d - Spectral Weapon       Hex/Chrm       ###.....     34%         3    ###....


You were on level 9 of the Dungeon.
You worshipped Elyvilon.
Elyvilon was pleased with you.
You were hungry.

You visited 2 branches of the dungeon, and saw 10 of its levels.

You collected 435 gold pieces.

...# #.####.####.# #.#
.###
#...##.##...#########.#
.#
###...#.##.......>......
..
#..............#######..
##
###...##................
##.###.......#######..
#.# ###...### #..
#.#####...# #..
#..o@.....# #..
#.o######## #.. #..# #..
#..# .. #.o# #..# #..#
...# ##...

Notes
Turn   | Place    | Note
--------------------------------------------------------------
     0 | D:1      | ololoev the High Elf Skald began the quest for the Orb.
     0 | D:1      | Reached XP level 1. HP: 14/14 MP: 4/4
   102 | D:1      | Reached XP level 2. HP: 9/19 MP: 6/6
   160 | D:1      | Learned a level 2 spell: Song of Slaying
   541 | D:1      | Reached skill level 4 in Charms
   728 | D:1      | Reached XP level 3. HP: 18/25 MP: 7/7
  1174 | D:2      | Learned a level 3 spell: Regeneration
  1205 | D:2      | Found a burning altar of Makhleb.
  1206 | D:2      | Noticed an Executioner
  1209 | D:2      | Found a glowing silver altar of Zin.
  1209 | D:2      | Noticed an angel
  1974 | D:2      | Reached XP level 4. HP: 30/30 MP: 4/8
  2400 | D:2      | Reached skill level 1 in Necromancy
  3028 | D:3      | Reached XP level 5. HP: 36/36 MP: 5/9
  3362 | D:4      | Noticed Duffy's ghost (amateur DrWz)
  3507 | D:4      | Found a white marble altar of Elyvilon.
  3519 | D:4      | Became a worshipper of Elyvilon the Healer
  4029 | D:4      | Killed Duffy's ghost
  4029 | D:4      | Reached skill level 5 in Long Blades
  4029 | D:4      | Reached XP level 6. HP: 22/43 MP: 0/10
  4348 | D:4      | Reached skill level 5 in Charms
  4524 | D:4      | Found an ancient bone altar of Kikubaaqudgha.
  4526 | D:4      | Found a deep blue altar of Sif Muna.
  4526 | D:4      | Found a radiant altar of Vehumet.
  4536 | D:4      | Identified Sif Muna's Handbook of the Escort
  4544 | D:4      | Identified Kikubaaqudgha's Compendium of Dark Magic
  4550 | D:4      | Learned a level 3 spell: Spectral Weapon
  4557 | D:4      | Identified Vehumet's Reference Book on Conjuration
  4685 | D:4      | Reached skill level 6 in Long Blades
  4685 | D:4      | Reached XP level 7. HP: 34/48 MP: 6/11
  4739 | D:4      | Found a sparkling altar of Nemelex Xobeh.
  5289 | D:4      | Identified a -1 rod of clouds (13/13) (You found it on level 4 of the Dungeon)
  5602 | D:4      | Reached * piety under Elyvilon
  5930 | D:5      | Entered Level 5 of the Dungeon
  6043 | D:5      | Reached skill level 1 in Evocations
  6081 | D:5      | Reached skill level 1 in Invocations
  6081 | D:5      | Reached XP level 8. HP: 37/54 MP: 1/12
  6221 | D:5      | Reached skill level 7 in Long Blades
  6327 | D:5      | Found an opulent altar of Gozag.
  6347 | D:5      | Reached skill level 5 in Fighting
  6481 | D:5      | Found a stormy altar of Qazlal.
  6498 | D:5      | Drew Focus: Int increased to 18, Str decreased to 12
  6718 | D:5      | Found a bloodstained altar of Trog.
  6793 | D:5      | Gained mutation: Your muscles are strong. (Str +2) [potion of beneficial mutation]
  6850 | D:5      | Found a glowing golden altar of the Shining One.
  7659 | D:6      | Noticed Sigmund
  7661 | D:6      | Killed Sigmund
  7860 | D:6      | Reached skill level 8 in Long Blades
  7959 | D:6      | Reached XP level 9. HP: 35/61 MP: 3/13
  8296 | D:6      | Found a sacrificial altar of Ru.
  9042 | D:7      | Reached skill level 9 in Long Blades
  9504 | D:7      | Found an iron altar of Okawaru.
  9525 | D:7      | Found a shattered altar of Ashenzari.
  9559 | D:7      | Reached ** piety under Elyvilon
  9611 | D:7      | Found a staircase to the Ecumenical Temple.
  9654 | Temple   | Entered the Ecumenical Temple
 10258 | D:7      | HP: 1/62 [killer bee (8)]
 10673 | D:8      | Noticed Psyche
 10707 | D:8      | Killed Psyche
 10881 | D:8      | Noticed a hill giant
 10899 | D:8      | Killed a hill giant
 10899 | D:8      | Reached skill level 10 in Long Blades
 10899 | D:8      | Reached XP level 10. HP: 48/69 MP: 9/14
 11964 | D:8      | Reached skill level 5 in Invocations
 12573 | D:8      | Found a basalt altar of Yredelemnul.
 12990 | D:9      | Reached skill level 1 in Hexes
 13058 | D:9      | Slain by an orc warrior

Dungeon Overview and Level Annotations

Branches:
Dungeon (9/15)             Temple (1/1) D:7
   Lair: D:8-11         Orc: D:9-12

Altars:
Ashenzari
Cheibriados
Elyvilon
Fedhas
Gozag
Kikubaaqudgha
Makhleb
Nemelex Xobeh
Okawaru
Pakellas
Qazlal
Ru
Sif Muna
Trog
Vehumet
Xom
Yredelemnul
Zin
The Shining One


Message History

Aim: an orc warrior, wielding a battleaxe of chopping and wearing a plate armour The puff of flame hits the orc warrior.
The orc warrior is lightly wounded.
This wand has 24 charges left.
Evoke which item? (* to show all) (? for menu, Esc to quit)
Zapping:
C - a wand of flame (24)
Press: ? - help, Shift-Dir - straight line, f/p - orc warrior
Aim: an orc warrior, wielding a battleaxe of chopping and wearing a plate armour (lightly wounded)
The puff of flame hits the orc warrior.
The orc warrior is moderately wounded.
This wand has 23 charges left.
The orc wizard mumbles some strange words.
The orc wizard flickers and vanishes!
Deactivating autopickup; reactivate with Ctrl-A.
You hit the orc warrior but do no damage.
The orc warrior is moderately wounded.
You closely miss the orc warrior.
The orc warrior is moderately wounded.
The orc warrior closely misses you.
You hear some strange, mumbled words.
You slash the orc warrior!
The orc warrior is heavily wounded.
The orc warrior hits you with a battleaxe of chopping.
Your scale mail prevents you from hitting the orc warrior.
The orc warrior is heavily wounded.
You barely miss the orc warrior.
The orc warrior is heavily wounded.
The orc warrior closely misses you.
You closely miss the orc warrior.
The orc warrior is heavily wounded.
The orc warrior hits you with a battleaxe of chopping!
You closely miss the orc warrior.
The orc warrior is heavily wounded.
You closely miss the orc warrior.
The orc warrior is heavily wounded.
The orc warrior hits you with a battleaxe of chopping!!
You hit the orc warrior.
The orc warrior is heavily wounded.
The orc warrior hits you with a battleaxe of chopping!!
You die...

You could see an orc warrior and an orc.

Vanquished Creatures
  A hill giant (D:8)
  Psyche (D:8)
  Sigmund (D:6)
  2 hippogriffs
  2 ice beasts
  2 water moccasins
  2 sky beasts
  2 orc warriors
  2 phantoms
  2 ogres
  2 black bears
  The ghost of Duffy the Magician, an amateur DrWz (D:4)
  4 centaurs
  A crocodile (D:7)
  2 giant frogs (D:8)
  A gnoll sergeant (D:6)
  3 killer bees
  5 scorpions
  3 crimson imps
  A centaur zombie (D:5)
  9 wights
  A quasit (D:9)
  9 hounds
  10 orc wizards
  4 orc priests
  4 centaur skeletons
  3 iguanas
  11 worker ants
  A hound skeleton (D:6)
  10 gnolls
  12 adders
  An ooze (D:1)
  2 adder skeletons
  6 worms
  7 giant geckos
  32 orcs
  A ball python (D:2)
  5 giant cockroaches
  11 hobgoblins
  10 jackals
  5 quokkas
  5 bats
  A giant gecko skeleton (D:4)
  9 giant newts
  10 goblins
  A jackal skeleton (D:4)
  6 kobolds
  A quokka zombie (D:5)
  13 rats
  A spectral orc (D:8)
241 creatures vanquished.

Action                   |  1- 3 |  4- 6 |  7- 9 | 10-12 || total
-------------------------+-------+-------+-------+-------++-------
Melee: Falchion          |   137 |    38 |       |       ||   175
       Long sword        |       |   127 |   308 |       ||   435
       Scimitar          |       |       |   157 |   172 ||   329
       Unarmed           |       |       |    16 |       ||    16
 Cast: Song of Slaying   |     4 |     4 |    12 |     5 ||    25
       Infusion          |     9 |    17 |    32 |    12 ||    70
Invok: Lesser Healing    |       |       |    12 |    10 ||    22
Evoke: Wand              |       |       |    14 |     9 ||    23
       Deck              |       |       |     5 |       ||     5
  Use: Scroll            |       |     8 |     4 |     5 ||    17
       Potion            |       |     1 |     9 |     3 ||    13
  Eat: Chunk             |     4 |     5 |    16 |     8 ||    33
       Meat ration       |       |     1 |     1 |       ||     2
       Beef jerky        |       |       |     1 |       ||     1

Vault maps used:
D:1:      eino_arrival_cavern_b
D:2:      grunt_temple_overflow_order_and_chaos_2
D:4:      grunt_temple_overflow_magic_moments, kennysheep_mini, nemelex_deck,
          minmay_surrounded
D:5:      nicolae_qazlal_general_emergency, grunt_gozag_statues, tso_metal_star,
          first_bread, dk_noncrumbling_3, dk_vineyard_2, corexii_shack,
          trog_book
D:6:      lemuel_coloured_pillars_altar, uniq_sigmund
D:7:      lemuel_crystal_altar, temple_hall, glass_columns_a, okawaru_gym_becter
D:8:      yredelemnul_forgotten_temple_becter, uniq_psyche
D:9:      marbit_many_paths, erik_orc_1
Temple:   nicolae_temple_hex_pool
